 Dungeon Sprint DCSS version 0.27-a0-385-g3208abaabc (webtiles) character file.

Game seed: 2924139500925686045

85414 mhtbhm the Axe Maniac (level 15, -24/170 HPs)
             Began as a Minotaur Fighter on Feb 20, 2021.
             Was the Champion of Trog.
             Killed from afar by an ancient lich (58 damage)
             ... with a crystal spear
             ... in the Dungeon (Sprint VII: "The Pits").
             The game lasted 00:13:08 (6619 turns).

mhtbhm the Axe Maniac (Minotaur Fighter)            Turns: 6619, Time: 00:13:09

Health: -24/170    AC: 32    Str: 28    XL:     15   Next: 37%
Magic:  14/14      EV: 17    Int:  5    God:    Trog [******]
Gold:   43         SH: 18    Dex: 12    Spells: 14/14 levels left

rFire    + + .     SeeInvis .   a - +4 broad axe "Agham" {vorpal, rN+ Dex+3}
rCold    + . .     Faith    +   c - +0 kite shield "Jaifed" {Stlth+}
rNeg     + . .     Spirit   .   b - +8 gold dragon scales
rPois    +         Reflect  .   (helmet restricted)
rElec    .         Harm     .   z - +0 cloak
rCorr    .         Rampage  .   (no gloves)
Will     +....     NoTele   +   q - +0 pair of boots
Stlth    ..........             w - amulet of faith
HPRegen  0.38/turn              o - +4 ring of protection
MPRegen  0.14/turn              x - ring of protection from fire

@: agile, berserk cooldown, slowed, very slow
A: retaliatory headbutt, horns 2, deformed body
a: Renounce Religion, Berserk, Trog's Hand, Brothers in Arms


You were in the Dungeon.
You worshipped Trog.
Trog was exalted by your worship.
You visited 1 branch You collected 43 gold pieces.

Inventory:

Hand Weapons
 a - the +4 broad axe "Agham" (weapon) {vorpal, rN+ Dex+3}
   (Trog gifted it to you in the Dungeon)

   It inflicts extra damage upon your enemies.
   It affects your dexterity (+3).
   It protects you from negative energy.
 r - the +6 hunting sling of Cabirch {flame, *Corrode +Blink rF+ Dex+2}
   (You found it in the Dungeon)

   It causes projectiles fired from it to burn those they strike, causing extra
   injury to most foes and up to half again as much damage against particularly
   susceptible opponents.
   It affects your dexterity (+2).
   It protects you from fire.
   It lets you blink.
   It may corrode you when you take damage.
 s - a +2 hand axe of flaming
 t - a +4 vorpal demon blade
 C - the +6 arbalest "Damnation" {damnation}
   (You found it in the Dungeon)
 E - a +7 broad axe of flaming
 G - a +6 antimagic broad axe
Missiles
 B - 9 curare-tipped darts (quivered)
 F - 200 bolts
Armour
 b - +8 gold dragon scales (worn)
 c - the +0 kite shield "Jaifed" (worn) {Stlth+}
   (You found it in the Dungeon)

   It makes you more stealthy.
 q - a +0 pair of boots (worn)
 z - a +0 cloak (worn)
Jewellery
 o - a +4 ring of protection (left hand)
 w - an amulet of faith (around neck)
 x - a ring of protection from fire (right hand)
 D - a ring of poison resistance
Wands
 n - a wand of paralysis (6)
Scrolls
 j - 2 scrolls of blinking
 l - a scroll of summoning
 v - 3 scrolls of fog
 y - 5 scrolls of enchant weapon
 A - 2 scrolls of fear
Potions
 d - 2 potions of might
 e - 11 potions of curing
 f - 8 potions of heal wounds
 g - a potion of haste
 h - 5 potions of magic
 i - 3 potions of berserk rage
 k - a potion of invisibility
 m - a potion of flight
 p - 4 potions of mutation
 u - a potion of attraction {unknown}


   Skills:
 + Level 25.4 Fighting
 O Level 27 Axes
 + Level 18.9 Armour
 + Level 14.0 Dodging
 + Level 8.9 Stealth
 + Level 23.5 Shields


You had 14 spell levels left.
You didn't know any spells.
Your spell library was empty.

Dungeon Overview and Level Annotations

Branches:
Dungeon (1/1)

Altars:
Cheibriados
Dithmenos
Elyvilon
Fedhas
Gozag
Hepliaklqana
Makhleb
Nemelex Xobeh
Okawaru
Qazlal
Ru
Sif Muna
Trog
Vehumet
Wu Jian
Xom
Yredelemnul
Zin
The Shining One
Beogh
Jiyva
Lugonu


Innate Abilities, Weirdness & Mutations

You reflexively headbutt those who attack you in melee.
You have a pair of horns on your head.
Armour fits poorly on your strangely shaped body.


Message History

Here: Qikkahimm (surrounded by chaotic energy)
An open door.
Unknown command.
Blink to where?
Press: ? - help, Dir - move target
As you read the scroll of blinking, it crumbles to dust.
The ancient lich is engulfed in seething chaos.
The ancient lich seems to slow down.
You feel much better.
The ancient lich is engulfed in seething chaos.
The ancient lich casts a spell at itself.
The ancient lich flickers and vanishes!
Deactivating autopickup; reactivate with Ctrl-A.
You feel much better.
Unknown command.
Your cyclops goes berserk!
Something touches you but does no damage.
You hear some strange, mumbled words.
Something tries to affect you, but you resist.
Unknown command.
Your cyclops goes berserk!
You are engulfed in seething chaos.
You feel as though you will be slow longer.
You block Qikkahimm's attack. Something touches you!
* * * LOW HITPOINT WARNING * * *
Your cyclops closely misses something.
Unknown command.
Unknown command.
You feel much better.
Something touches you but does no damage.
Qikkahimm hits you but does no damage.
Your cyclops hits something but does no damage.
Something touches you but does no damage.
Your cyclops rages.
Your cyclops barely misses something.
Qikkahimm hits you!!
* * * LOW HITPOINT WARNING * * *
You hear some strange, mumbled words.
A crystal spear appears from out of thin air!
The crystal spear hits you!!!
You die...

,*,,,*,,,*,,,#.).##)#
***,+**,+**,*#'.###'#
*,***,*+*,*+#.#'# #.#
+**,***,***,###.###'#
,+,,,*,,,+,,,#...##)#
***,**+,+**,+#'.###'#
***+*,#**,###.#'# #.#
,,,,*#+.###§###C###'#
,,,,,#...'...§{§@##)##
,,,,,**,##'.##&C##...#
,,,,****#§###§##''.))#
***** #** ##*####)##
******************#)#
,*,,*,,,,+,,,,*,,*#.#
,*,,*,,,,*,,,,*,,*#)#
+*++******+**+*,,*#)#
,,,,,,,,,,,,,,*,,*#'#


You could see Qikkahimm (clouds, ally target) and 2 friendly cyclopes.

Vanquished Creatures
  Khufu (D)
  An ancient lich (D)
  A bone dragon (D)
  A Hell Sentinel (D)
  A lich (D)
  An Ice Fiend (D)
  2 Brimstone Fiends (D)
  A tentacled monstrosity (D)
  2 titans (D)
  Polyphemus (D)
  A death cob (D)
  A shadow dragon (D)
  A draconian annihilator (D)
  A balrug (D)
  A draconian shifter (D)
  An ophan (D)
  A reaper (D)
  A white draconian (D)
  A yellow draconian (D)
  A purple draconian (D)
  A deep elf high priest (D)
  A blizzard demon (D)
  A hydra (D)
  2 boulder beetles (D)
  2 vault guards (D)
  4 death yaks (D)
  2 dancing weapons (D)
  A vampire mage (D)
  An orc high priest (D)
  Sonja (D)
  A soul eater (D)
  2 deep elf knights (D)
  2 sun demons (D)
  A deep troll (D)
  4 hell knights (D)
  A shadow wraith (D)
  A swamp dragon (D)
  A flayed ghost (D)
  2 bog bodies (D)
  A sea snake (D)
  5 orc knights (D)
  A necromancer (D)
  A deep elf pyromancer (D)
  An ugly thing (D)
  A cyclops (D)
  2 deep elf zephyrmancers (D)
  2 manticores (D)
  An elephant (D)
  A smoke demon (D)
  A black mamba (D)
  A kobold demonologist (D)
  A komodo dragon (D)
  A wandering mushroom (D)
  A red devil (D)
  2 hellwings (D)
  A yaktaur (D)
  2 jumping spiders (D)
  2 trolls (D)
  Prince Ribbit (D)
  A tyrant leech (D)
  3 blink frogs (D)
  A snapping turtle (D)
  A large abomination (D)
  6 dream sheep (D)
  5 redbacks (D)
  A vampire (D)
  2 tarantellas (D)
  A water elemental (D)
  A wraith (D)
  A basilisk (D)
  2 neqoxecs (D)
  3 vampire mosquitoes (D)
  A warg (D)
  An acid dragon (D)
  Edmund (D)
  A floating eye (D)
  A swamp drake (D)
  2 orc warriors (D)
  An ogre (D)
  A necrophage (D)
  2 eyes of draining (D)
  A wolf (D)
  A centaur (D)
  A kobold brigand (D)
  Blork the orc (D)
  2 scorpions (D)
  2 hounds (D)
  An orc priest (D)
  Jessica (D)
  2 iguanas (D)
  3 orc wizards (D)
  2 hell rats (D)
  2 adders (D)
  2 ufetubi (D)
  An ooze (D)
  An adder zombie (D)
  2 worms (D)
  A leopard gecko (D)
  5 orcs (D)
  A bat (D)
  A bat zombie (D)
  A goblin (D)
  A hobgoblin (D)
  2 jackals (D)
  2 kobolds (D)
  2 quokkas (D)
  A frilled lizard (D)
  A giant cockroach simulacrum (D)
  A jackal simulacrum (D)
165 creatures vanquished.

Vanquished Creatures (collateral kills)
  An electric golem (D)
  2 orc warlords (D)
  A dire elephant (D)
  A yaktaur captain (D)
  A vault guard (D)
  A spriggan (D)
  8 orc knights (D)
  A hornet (D)
  A troll (D)
  An orc warrior (D)
  2 orcs (D)
20 creatures vanquished.

Grand Total: 185 creatures vanquished

Notes
Turn   | Place    | Note
-------+----------+-------------------------------------------
     0 | D        | mhtbhm the Minotaur Fighter began the quest for the Orb.
     0 | D        | Reached XP level 1. HP: 19/19 MP: 0/0
    21 | D        | Found a bloodstained altar of Trog.
    21 | D        | Found a shimmering blue altar of Sif Muna.
    21 | D        | Found a viscous altar of Jiyva.
    21 | D        | Found a hazy altar of Hepliaklqana.
    21 | D        | Found an opulent altar of Gozag.
    22 | D        | Found a glowing golden altar of the Shining One.
    22 | D        | Found a glowing silver altar of Zin.
    22 | D        | Found a basalt altar of Yredelemnul.
    22 | D        | Found a shimmering altar of Xom.
    22 | D        | Found an ornate altar of the Wu Jian Council.
    22 | D        | Found a sacrificial altar of Ru.
    22 | D        | Found a stormy altar of Qazlal.
    22 | D        | Found an iron altar of Okawaru.
    22 | D        | Found a sparkling altar of Nemelex Xobeh.
    22 | D        | Found a burning altar of Makhleb.
    22 | D        | Found a blossoming altar of Fedhas.
    22 | D        | Found a white marble altar of Elyvilon.
    22 | D        | Found a shadowy altar of Dithmenos.
    22 | D        | Found a snail-covered altar of Cheibriados.
    25 | D        | Found a corrupted altar of Lugonu.
    25 | D        | Found a radiant altar of Vehumet.
    25 | D        | Found a roughly hewn altar of Beogh.
    26 | D        | Became a worshipper of Trog the Wrathful
    67 | D        | Reached XP level 2. HP: 28/28 MP: 1/1
    72 | D        | Noticed a floating eye
    75 | D        | Paralysed by a floating eye for 3 turns
    78 | D        | Reached * piety under Trog
    79 | D        | Reached skill level 5 in Shields
    80 | D        | Killed a floating eye
    81 | D        | Reached skill level 4 in Axes
    81 | D        | Reached XP level 3. HP: 36/38 MP: 2/2
    81 | D        | Reached XP level 4. HP: 42/45 MP: 3/3
   200 | D        | Reached ** piety under Trog
   275 | D        | Noticed Edmund
   276 | D        | Noticed Prince Ribbit
   280 | D        | Killed Edmund
   280 | D        | Reached *** piety under Trog
   281 | D        | Reached skill level 5 in Axes
   281 | D        | Reached skill level 1 in Dodging
   281 | D        | Reached XP level 5. HP: 56/56 MP: 4/4
   284 | D        | Reached skill level 6 in Axes
   286 | D        | Reached XP level 6. HP: 62/62 MP: 5/5
   289 | D        | Killed Prince Ribbit
   289 | D        | Reached **** piety under Trog
   290 | D        | Reached skill level 7 in Axes
   364 | D        | Reached skill level 10 in Fighting
   374 | D        | Reached skill level 8 in Axes
   374 | D        | Reached skill level 10 in Shields
   374 | D        | Reached XP level 7. HP: 49/72 MP: 6/6
   478 | D        | Reached ***** piety under Trog
   482 | D        | Reached skill level 10 in Armour
   501 | D        | Noticed a deep elf zephyrmancer
   506 | D        | Killed a deep elf zephyrmancer
   507 | D        | Reached skill level 10 in Axes
   507 | D        | Reached XP level 8. HP: 82/82 MP: 7/7
   507 | D        | Reached ****** piety under Trog
   659 | D        | Noticed a deep elf pyromancer
   659 | D        | Noticed a tyrant leech
   667 | D        | Killed a deep elf pyromancer
   667 | D        | Received a gift from Trog
   668 | D        | Reached skill level 11 in Axes
   681 | D        | Killed a tyrant leech
  1008 | D        | Noticed a brown ugly thing
  1013 | D        | Reached skill level 12 in Axes
  1014 | D        | Reached XP level 9. HP: 91/91 MP: 8/8
  1017 | D        | Killed a brown ugly thing
  1018 | D        | Reached skill level 13 in Axes
  1020 | D        | Noticed a jumping spider
  1034 | D        | Killed a jumping spider
  1035 | D        | Reached skill level 5 in Dodging
  1065 | D        | Reached skill level 14 in Axes
  1070 | D        | Received a gift from Trog
  1317 | D        | Noticed a troll
  1317 | D        | Noticed a death yak
  1323 | D        | Killed a troll
  1324 | D        | Reached skill level 15 in Axes
  1326 | D        | Killed a death yak
  1327 | D        | Reached skill level 1 in Stealth
  1327 | D        | Reached XP level 10. HP: 101/101 MP: 6/9
  1327 | D        | Received a gift from Trog
  1418 | D        | Reached skill level 16 in Axes
  1441 | D        | Killed a shadow wraith
  1637 | D        | Noticed a death yak
  1637 | D        | Noticed a black mamba
  1638 | D        | Noticed a smoke demon
  1642 | D        | Killed a smoke demon
  1642 | D        | Received a gift from Trog
  1643 | D        | Reached skill level 17 in Axes
  1644 | D        | Killed a black mamba
  1645 | D        | Killed a death yak
  1692 | D        | Noticed a boulder beetle
  1692 | D        | Noticed a bog body
  1698 | D        | Killed a bog body
  1698 | D        | Received a gift from Trog
  1699 | D        | Reached skill level 18 in Axes
  1699 | D        | Reached XP level 11. HP: 93/111 MP: 10/10
  1703 | D        | Killed a boulder beetle
  1704 | D        | Reached skill level 15 in Shields
  1878 | D        | Noticed a bog body
  1885 | D        | Reached skill level 15 in Fighting
  1887 | D        | Received a gift from Trog
  1904 | D        | Killed a bog body
  1904 | D        | Received a gift from Trog
  1905 | D        | Reached skill level 19 in Axes
  1912 | D        | Noticed a deep elf zephyrmancer
  1923 | D        | HP: 1/113 [deep elf zephyrmancer/bolt of lightning (35)]
  1925 | D        | Killed a deep elf zephyrmancer
  2301 | D        | Noticed Jessica
  2301 | D        | Noticed a deep troll
  2301 | D        | Noticed a flayed ghost
  2302 | D        | Noticed Blork the orc
  2306 | D        | Killed Blork the orc
  2309 | D        | Received a gift from Trog
  2312 | D        | Killed a deep troll
  2312 | D        | Killed a flayed ghost
  2316 | D        | Killed Jessica
  2319 | D        | Received a gift from Trog
  2721 | D        | Noticed Polyphemus
  2721 | D        | Noticed a +2 war axe of freezing
  2721 | D        | Noticed a bone dragon
  2721 | D        | Noticed a death cob
  2731 | D        | Killed Polyphemus
  2732 | D        | Reached skill level 20 in Axes
  2732 | D        | Reached XP level 12. HP: 125/125 MP: 11/11
  2737 | D        | Killed a death cob
  2738 | D        | Reached skill level 10 in Dodging
  2742 | D        | Received a gift from Trog
  2748 | D        | Killed a bone dragon
  2749 | D        | Reached skill level 21 in Axes
  2751 | D        | Received a gift from Trog
  2956 | D        | Got the +6 hunting sling of Cabirch {flame, *Corrode +Blink
                  | rF+ Dex+2}
  3045 | D        | Noticed an electric golem
  3064 | D        | Killed an electric golem
  3476 | D        | Noticed a yellow draconian annihilator
  3483 | D        | Killed a yellow draconian annihilator
  3532 | D        | Noticed a Hell Sentinel
  3544 | D        | Killed a Hell Sentinel
  3916 | D        | Noticed a balrug
  3921 | D        | Received a gift from Trog
  3922 | D        | Reached XP level 13. HP: 137/137 MP: 12/12
  3931 | D        | Killed a balrug
  3935 | D        | Reached skill level 22 in Axes
  3942 | D        | Received a gift from Trog
  3953 | D        | Received a gift from Trog
  3964 | D        | Noticed a shadow dragon
  3973 | D        | Killed a shadow dragon
  3975 | D        | Received a gift from Trog
  3988 | D        | Noticed Sonja
  3989 | D        | Identified the amulet of Edigomei {RegenMP Int+3}
  3992 | D        | Received a gift from Trog
  3998 | D        | Killed Sonja
  4032 | D        | Got a fine broad axe {god gift}
  4033 | D        | Identified the +4 broad axe "Agham" {vorpal, rN+ Dex+3}
                  | (Trog gifted it to you in the Dungeon)
  4343 | D        | Noticed Khufu
  4350 | D        | Noticed an emperor scorpion
  4350 | D        | Noticed an emperor scorpion
  4357 | D        | Killed Khufu
  4358 | D        | Reached skill level 24 in Axes
  4517 | D        | Received a gift from Trog
  4518 | D        | Reached skill level 15 in Armour
  4518 | D        | Reached XP level 14. HP: 151/151 MP: 13/13
  4691 | D        | Noticed an orc warlord
  4691 | D        | Noticed an orc warlord
  4699 | D        | Received a gift from Trog
  4702 | D        | Killed an orc warlord
  4705 | D        | Killed an orc warlord
  4706 | D        | Reached skill level 25 in Axes
  4706 | D        | Reached skill level 5 in Stealth
  4707 | D        | Received a gift from Trog
  4725 | D        | Received a gift from Trog
  4931 | D        | Found the +13 scythe of Curses {drain, *Drain}
  4991 | D        | Found the +6 arbalest "Damnation" {damnation}
  5024 | D        | Got an iridescent hand axe {god gift}
  5047 | D        | Received a gift from Trog
  5052 | D        | Gained mutation: Armour fits poorly on your strangely
                  | shaped body. [a neqoxec]
  5060 | D        | Received a gift from Trog
  5072 | D        | Identified the +14 hand axe of Lust {vorpal, rF- rN+ Dex+4}
                  | (Trog gifted it to you in the Dungeon)
  5110 | D        | Got the +0 kite shield "Jaifed" {Stlth+}
  5229 | D        | Noticed an Ice Fiend
  5241 | D        | Received a gift from Trog
  5244 | D        | Killed an Ice Fiend
  5245 | D        | Reached skill level 26 in Axes
  5252 | D        | Received a gift from Trog
  5431 | D        | Noticed a lich
  5435 | D        | Killed a lich
  5438 | D        | Noticed a purple draconian shifter
  5448 | D        | Killed a purple draconian shifter
  5455 | D        | Noticed a Brimstone Fiend
  5465 | D        | Killed a Brimstone Fiend
  5465 | D        | Received a gift from Trog
  5680 | D        | Noticed a reaper
  5691 | D        | Killed a reaper
  5693 | D        | Noticed a titan
  5697 | D        | Killed a titan
  5734 | D        | Received a gift from Trog
  5886 | D        | Noticed an ancient lich
  5896 | D        | Killed an ancient lich
  5897 | D        | Reached skill level 27 in Axes
  5897 | D        | Reached XP level 15. HP: 168/168 MP: 14/14
  6102 | D        | Noticed a titan
  6108 | D        | Killed a titan
  6108 | D        | Received a gift from Trog
  6370 | D        | Noticed a Brimstone Fiend
  6375 | D        | Killed a Brimstone Fiend
  6429 | D        | Noticed a tentacled monstrosity
  6436 | D        | Killed a tentacled monstrosity
  6557 | D        | Received a gift from Trog
  6593 | D        | Noticed Qikkahimm the pandemonium lord
  6595 | D        | Paralysed by you for 6 turns
  6604 | D        | Noticed an ancient lich
  6612 | D        | HP: 8/170 [Qikkahimm the pandemonium lord (6)]
  6619 | D        | Killed from afar by an ancient lich

Illustrated notes

Levels and vault maps discovered:
D:        pitsprint [storerooms_1, entrance_room_1, metal_vault_1, armoury_2,
          mini_pit_1, grid_room_1, main_hall_1, silver_pit, the_coven_3,
          the_vestibule_1, steel_vault_2, golden_pit, hallway_of_sentries,
          crystal_vault_4, iron_vault_2, final_vault]

Skill      XL: |  1  2  3  4  5  6  7  8  9 10 11 12 13 14 15 |
---------------+----------------------------------------------+-----
Fighting       | 4 6 8 10 11 12 13 14 17 19 21 24 25 | 25.4
Armour         | 4 6 8 9 10 11 12 13 15 17 18 | 18.9
Shields        | 4 7 8 10 11 12 13 14 16 18 20 22 23 | 23.5
Axes           | 4 5 6 8 10 12 15 18 20 21 24 27 | 27.0
Dodging        | 1 2 3 4 5 6 9 11 13 14 | 14.0
Stealth        | 1 2 3 4 8 |  8.9

Action                   |  1- 3 |  4- 6 |  7- 9 | 10-12 | 13-15 || total
-------------------------+-------+-------+-------+-------+-------++-------
Melee: Hand axe          |    10 |    30 |    13 |       |       ||    53
       War axe           |     1 |       |    51 |    47 |       ||    99
       Headbutt          |     1 |     2 |    10 |    32 |    49 ||    94
       Broad axe         |       |       |       |   103 |   233 ||   336
Invok: Berserk           |       |     1 |     4 |     9 |    11 ||    25
       Brothers in Arms  |       |       |       |     1 |     6 ||     7
  Use: Potion            |       |       |       |     4 |     4 ||     8
       Scroll            |       |       |       |     1 |     3 ||     4
 Stab: Invisible         |       |       |       |       |     8 ||     8
Armor: Scale mail        |     5 |     6 |       |       |       ||    11
       Ring mail         |       |     1 |     7 |    36 |    14 ||    58
       Plate armour      |       |       |       |       |    10 ||    10
       Gold dragon scale |       |       |       |       |    30 ||    30
Dodge: Dodged            |     1 |    15 |    27 |    56 |    36 ||   135
Block: Kite shield       |     3 |    15 |    35 |    91 |    88 ||   232

Table legend: (Time is in decaauts)
 A = Elapsed time spent in this place.
 B = Non-inter-level travel time spent in this place.
 C = Inter-level travel time spent in this place.
 D = Time resting spent in this place.
 E = Time spent auto-exploring this place.
 F = Levels seen in this place.
 G = Mean time per level.
                   A        B        C        D        E       F      G
               +--------+--------+--------+--------+--------+-----+--------+
         Total |   6759 |   6719 |     40 |   4691 |     38 |   1 | 6759.0 |
       Dungeon |   6759 |   6719 |     40 |   4691 |     38 |   1 | 6759.0 |
               +--------+--------+--------+--------+--------+-----+--------+

Top non-repeatable levels by time:
       D: 6759 daAuts
